 Dungeon Crawl Stone Soup version 0.30-a0-857-gcaf70739d4 (webtiles) character file.

Game seed: 14485617088733273388

2 jimonade the Magician (level 1, -1/18 HPs)
             Began as a Djinni Warper on Mar 5, 2023.
             Slain by a goblin
             ... wielding a +2 dagger of electrocution
              (13 damage)
             ... on level 1 of the Dungeon.
             The game lasted 00:00:22 (79 turns).

jimonade the Magician (Djinni Warper)                 Turns: 79, Time: 00:00:23

Health: -1/18      AC:  3    Str: 10    XL:     1   Next: 44%
Gold:   3          EV: 11    Int: 14    God:
                   SH:  0    Dex: 12

rFire   + + .      SeeInvis .    a - +0 short sword
rCold   x . .      Faith    .    (no shield)
rNeg    . . .      Spirit   .    b - +0 leather armour
rPois   ∞          Reflect  .    (no helmet)
rElec   .          Rampage  .    (no cloak)
rCorr   .                        (no gloves)
Will    .....                    (boots unavailable)
Stlth   +                        (no amulet)
HPRegen 0.23/turn                (no ring)
MPRegen 0.00/turn                (no ring)

@: flying
A: sickness immunity, fire resistance 2, cold vulnerability 1, float, innate
caster, HP casting, extra vitality 1
a: no special abilities


You were on level 1 of the Dungeon.
You visited 1 branch of the dungeon, and saw 1 of its levels.

You collected 3 gold pieces.

Inventory:

Hand Weapons
 a - a +0 short sword (weapon)
Missiles
 d - 7 boomerangs of dispersal (quivered)
Armour
 b - a +0 leather armour (worn)
Scrolls
 c - a scroll of blinking
Potions
 e - a potion of lignification {unknown}
 f - a potion of mutation {unknown}


   Skills:
 - Level 2.0 Fighting
 - Level 1.7 Short Blades
 - Level 0.7 Throwing
 - Level 1.0 Armour
 - Level 2.1 Dodging
 + Level 2.5 Spellcasting


You knew the following spells:

 Your Spells              Type           Power      Damage    Failure   Level
a - Blink                 Tloc           18%        N/A       16%         2
b - Lesser Beckoning      Tloc           18%        N/A       16%         2
c - Vhi's Electric Charg  Tloc/Air       18%        N/A       32%         3
d - Teleport Other        Tloc           9%         N/A       32%         3
e - Manifold Assault      Tloc           9%         N/A       71%         4
Your spell library was empty.

Dungeon Overview and Level Annotations

Branches:
Dungeon (1/15)

Altars:


Innate Abilities, Weirdness & Mutations

You are immune to sickness and miasma.
You are immune to poison.
Your flesh is very heat resistant. (rF++)
You are vulnerable to cold. (rC-)
You float through the air rather than walking.
You learn spells naturally, not from books.
Your magical power is your life essence.
You have superior vitality. (+4 MHP)


Message History

The kobold closely misses you.
You hit the kobold.
You kill the kobold!
No target in view!
No target in view!
HP restored.
A bat comes into view.
Found a scale mail.
You see here a +0 club.
A bat is nearby!
You hit the bat.
You kill the bat!
No target in view!
No target in view!
A rat comes into view.
A rat is nearby!
You barely miss the rat. The rat barely misses you.
You hit the rat.
You kill the rat!
No target in view!
No target in view!
f - a sedimented inky potion
There are no items here.
A goblin comes into view.
It is wielding a +2 dagger of electrocution.
The goblin shouts!
An endoplasm comes into view.
A giant cockroach comes into view.
A rat comes into view.
You see here a +0 club.
There is a huge open gate here.
There is an open gate here.
You closely miss the goblin.
The goblin hits you with a +2 dagger of electrocution.
The goblin attacks as you move away! The goblin hits you but does no damage.
You barely miss the goblin. The giant cockroach barely misses you.
You hit the goblin.
The goblin is severely wounded.
The goblin hits you with a +2 dagger of electrocution.
You are electrocuted!
Ouch! That really hurt!
You die...

..[.##...........#
...#######'''#######
...#K#...........#K#
...###..8.###.8r.###
...#~.............~#
#~.........J...~#
#~~...........~~#
#~~~~.......~Bg~#
#~~~~~~~.~~~~@~~#
#~~~~~~~<~~~~~~~#
#################


You could see an endoplasm, a giant cockroach, a goblin, a kobold and a rat.

Vanquished Creatures
  A kobold (D:1)
  A bat (D:1)
  A rat (D:1)
3 creatures vanquished.

Notes
Turn   | Place    | Note
-------+----------+-------------------------------------------
     0 | D:1      | jimonade the Djinni Warper began the quest for the Orb.
     0 | D:1      | jimonade set off with the following spells memorised:
                  | Blink, Lesser Beckoning, Vhi's Electric Charge, Teleport
                  | Other, Manifold Assault.
     0 | D:1      | Reached XP level 1. HP: 18/18 MP: 0/0
    79 | D:1      | Slain by a goblin

Illustrated notes

Levels and vault maps discovered:
D:1:      lordsloth_arrival_two_stooges, layout_rooms

Action                     || total
---------------------------++-------
  Melee: Short sword       ||    12
 Armour: Leather armour    ||     1
  Dodge: Dodged            ||     5

Table legend: (Time is in decaauts)
 A = Elapsed time spent in this place.
 B = Non-inter-level travel time spent in this place.
 C = Inter-level travel time spent in this place.
 D = Time resting spent in this place.
 E = Time spent auto-exploring this place.
 F = Levels seen in this place.
 G = Mean time per level.
                   A        B        C        D        E       F      G
               +--------+--------+--------+--------+--------+-----+--------+
         Total |     78 |     78 |      0 |      0 |     30 |   1 |   78.0 |
       Dungeon |     78 |     78 |      0 |      0 |     30 |   1 |   78.0 |
               +--------+--------+--------+--------+--------+-----+--------+

Top non-repeatable levels by time:
     D:1: 78 daAuts
